 Dungeon Sprint DCSS version 0.18-a0-1027-g814d7dd (webtiles) character file.

0 M4edhros the Charlatan (level 4, 14/33 HPs)
             Began as an Octopode Artificer on Jan 9, 2016.
             Got out of the dungeon alive.
             The game lasted 00:00:53 (114 turns).

M4edhros the Charlatan (Octopode Artificer)          Turns: 114, Time: 00:00:53

Health: 14/33      AC:  1    Str: 10    XL:     4   Next: 90%
Magic:  22/27      EV: 15    Int: 21    God:
Gold:   20         SH:  0    Dex: 20    Spells: 0 memorised, 3 levels left

rFire  . . .     SeeInvis .     a - +0 short sword
rCold  + + .     Gourm    .     (no shield)
rNeg   . . .     Faith    .     (helmet restricted)
rPois  +         Spirit   .     (no amulet)
rElec  +         Dismiss  .     s - ring "Cixics" {MP+9 Int+4 Dex+4}
rCorr  .         Reflect  .     r - ring "Wuseth" {rPois MR+ Dex+3}
SustAt .         Harm     .     q - ring of Jolesaaz {+Blink +Fly rElec rPois rC++}
MR     ++...     NoTele   +     p - ring of Qockuno {+Blink MR+ MP+9 Int+3}
Stlth  +++++.....               (no ring)
                                (no ring)
                                (no ring)
                                (no ring)

@: very resistant to hostile enchantments, quite stealthy
A: almost no armour, amphibious, 8 rings, constrict 8, camouflage 1, gelatinous
body 1
a: Evoke Blink, Evoke Flight


You escaped.
You were not hungry.

You visited 1 branch You collected 200 gold pieces.
You spent 180 gold pieces at shops.

Inventory:

Hand Weapons
 a - a +0 short sword (weapon)
Jewellery
 p - the ring of Qockuno (on tentacle) {+Blink MR+ MP+9 Int+3}
   (You bought it in a shop in the Dungeon)

   [ring of intelligence]

   It affects your intelligence (+3).
   It affects your resistance to hostile enchantments.
   It affects your magic capacity (+9).
   It lets you blink.
 q - the ring of Jolesaaz (on tentacle) {+Blink +Fly rElec rPois rC++}
   (You bought it in a shop in the Dungeon)

   [ring of flight]

   It greatly protects you from cold.
   It insulates you from electricity.
   It protects you from poison.
   It lets you fly.
   It lets you blink.
 r - the ring "Wuseth" (right tentacle) {rPois MR+ Dex+3}
   (You bought it in a shop in the Dungeon)

   [ring of protection from magic]

   It affects your dexterity (+3).
   It protects you from poison.
   It affects your resistance to hostile enchantments.
 s - the ring "Cixics" (left tentacle) {MP+9 Int+4 Dex+4}
   (You bought it in a shop in the Dungeon)

   [ring of magical power]

   It affects your intelligence (+4).
   It affects your dexterity (+4).
   It affects your magic capacity (+9).
Wands
 b - a wand of flame (15/48)
 c - a wand of enslavement (15/24)
 d - a wand of random effects (15/48)
 m - a wand of cold (5/15)
 n - a wand of fire (5/15)
Scrolls
 k - 4 scrolls of blinking
 o - 3 scrolls of fog
Potions
 e - a potion of curing
 g - 4 potions of heal wounds
 h - 4 potions of haste
 i - 2 potions of magic
 j - a potion of berserk rage
 l - a potion of resistance
Comestibles
 f - a bread ration


   Skills:
 + Level 4.2 Fighting
 - Level 1.0 Short Blades
 + Level 4.3 Dodging
 + Level 5.9 Stealth
 * Level 7.1 Evocations


You had 3 spell levels left.
You didn't know any spells.

Dungeon Overview and Level Annotations

Branches:
Dungeon (1/1)

Altars:
Fedhas
Gozag
Kikubaaqudgha
Makhleb
Okawaru
Qazlal
Ru
Sif Muna
Trog
Jiyva

Shops:
D *[%?


Innate Abilities, Weirdness & Mutations

You cannot wear most types of armour.
You are amphibious.
You can wear up to eight rings at the same time.
You can use your tentacles to constrict eight enemies at once.
Your skin changes colour to match your surroundings (Stealth).
Your rubbery body absorbs attacks (AC +1).


Message History

You barely miss the crimson imp.
The crimson imp is severely wounded.
You constrict the crimson imp. The crimson imp hits you.
You hit the crimson imp but do no damage.
The crimson imp is almost dead.
You constrict the crimson imp.
You kill the crimson imp!
Your Fighting skill increases to level 4!
Your Dodging skill increases to level 4!
Your Evocations skill increases to level 7!
You start resting. 50...
A quasit comes into view.
The quasit moves out of view.
There is a staircase leading out of the dungeon here.
Are you sure you want to leave the Dungeon?
This will make you lose the game!
Alright, then stay!
There is a staircase leading out of the dungeon here.
Are you sure you want to leave the Dungeon?
This will make you lose the game!
You have escaped!

#_.......
###.........###
#⌠........ ..⌠#
######.8...... ..8.#
##∩___......# .....
###∩........8.# .8...
##.............###.....
#⌠..........###...#
#⌠..........# #.@.#
#⌠..........###...#
##.............###.....
###∩........8.# .8...
##∩___......# .....
######.8..... ..8.#
#⌠........ ..⌠#
###.........###
#_.......


There were no monsters in sight!

Vanquished Creatures
  3 crimson imps (D)
  A shadow imp (D)
4 creatures vanquished.

Notes
Turn   | Place    | Note
--------------------------------------------------------------
     0 | D        | M4edhros the Octopode Artificer began the quest for the Orb.
     0 | D        | Reached XP level 1. HP: 13/13 MP: 3/3
     0 | D        | Found an ancient bone altar of Kikubaaqudgha.
     0 | D        | Found a sacrificial altar of Ru.
     4 | D        | Found a deep blue altar of Sif Muna.
     4 | D        | Found a burning altar of Makhleb.
     5 | D        | Found a stormy altar of Qazlal.
     5 | D        | Found a bloodstained altar of Trog.
     5 | D        | Round 1.
     6 | D        | Found Lad Miyf's Bee Food.
     6 | D        | Found a viscous altar of Jiyva.
     6 | D        | Found an iron altar of Okawaru.
     6 | D        | Found Wenomut's Identification Station.
     7 | D        | Found Nitru's Jewellery.
     7 | D        | Found Oqoh's Advanced Armour.
     8 | D        | Noticed a crimson imp
    15 | D        | Bought a wavering granite ring for 45 gold pieces
    15 | D        | Bought a pitted ivory ring for 45 gold pieces
    15 | D        | Bought a glittering silver ring for 45 gold pieces
    15 | D        | Bought a glittering copper ring for 45 gold pieces
    15 | D        | Identified the ring "Cixics" {MP+9 Int+4 Dex+4} (You bought it in a shop in the Dungeon)
    16 | D        | Identified the ring "Wuseth" {rPois MR+ Dex+3} (You bought it in a shop in the Dungeon)
    17 | D        | Identified the ring of Jolesaaz {+Blink +Fly rElec rPois rC++} (You bought it in a shop in the Dungeon)
    18 | D        | Identified the ring of Qockuno {+Blink MR+ MP+9 Int+3} (You bought it in a shop in the Dungeon)
    23 | D        | Killed a crimson imp
    23 | D        | Reached skill level 4 in Stealth
    23 | D        | Reached skill level 5 in Evocations
    23 | D        | Reached XP level 2. HP: 9/20 MP: 4/5
    23 | D        | Reached XP level 3. HP: 11/25 MP: 4/7
    28 | D        | Found a blossoming altar of Fedhas.
    34 | D        | Reached skill level 5 in Stealth
    34 | D        | Reached skill level 6 in Evocations
    34 | D        | Reached XP level 4. HP: 10/31 MP: 6/8
    85 | D        | Found an opulent altar of Gozag.
    93 | D        | Reached skill level 7 in Evocations
   114 | D        | Got out of the dungeon alive.

Vault maps used:
D:        arena_sprint

Action                   |  1- 3 |  4- 6 || total
-------------------------+-------+-------++-------
Melee: Short sword       |    10 |    11 ||    21
